[Event "International chess holiday M31"]
[Site "Praha"]
[Date "2012.08.02"]
[Round "7"]
[White "Staufenberger, Bernd"]
[Black "Hentzgen, Thomas"]
[Result "1-0"]
[ECO "B48"]
[WhiteElo "2079"]
[BlackElo "2036"]
[Annotator ",Martin"]
[PlyCount "77"]
[TimeControl "240+2"]

1. e4 c5 2. Nf3 Nc6 3. d4 cxd4 4. Nxd4 e6 5. Nc3 Qc7 6.
Be3 a6 7. a3 Nf6 8. f4 d6 9. Bd3 Be7 10. Qf3 O-O 11. Nde2 Bd7 12. g4 b5 13. b4
Qb8 14. g5 Ne8 15. Rg1 g6 16. h4 a5 17. Rb1 axb4 18. axb4 Nc7 19. h5 Qe8 20.
Bb6 Na6 21. Nxb5 Ncxb4 22. Nbc3 Nxd3+ 23. cxd3 Rc8 24. Kd2 f5 25. gxf6 Bxf6 26.
hxg6 hxg6 27. Qg3 Kg7 28. Be3 Rb8 29. Rxb8 Nxb8 30. e5 Be7 31. exd6 Bxd6 32.
Bd4+ e5 33. fxe5 Nc6 34. exd6+ Nxd4 35. Nxd4 Bf5 36. Re1 Qc8 37. Re7+ Rf7 38.
Qe5+ Kf8 39. Qh8# 1-0

[Event "International chess holiday M31"]
[Site "Praha"]
[Date "2012.08.02"]
[Round "7"]
[White "Gregor, Jiøí"]
[Black "Hofírek, Benedikt"]
[Result "1-0"]
[ECO "D43"]
[WhiteElo "2281"]
[BlackElo "2041"]
[Annotator ",Martin"]
[PlyCount "95"]
[TimeControl "240+2"]

1. d4 d5 2. c4 c6 3. Nc3 Nf6 4. Nf3 e6 5. Bg5 h6 6. Bh4
dxc4 7. a4 Bb4 8. e3 b5 9. Nd2 g5 10. Bg3 Nd5 11. Qc1 Nxc3 12. bxc3 Bd6 13. Qb1
a6 14. Be2 Bxg3 15. fxg3 Qe7 16. O-O O-O 17. axb5 cxb5 18. Bf3 Ra7 19. Nxc4 Rc7
20. Ne5 Nd7 21. Nxd7 Qxd7 22. Qb3 Qd6 23. e4 e5 24. Rfd1 Bb7 25. Rac1 Rfc8 26.
Bg4 Re8 27. d5 Bc8 28. Be2 Bd7 29. h3 Rec8 30. Kh2 Kg7 31. c4 bxc4 32. Rxc4 Bb5
33. Rxc7 Rxc7 34. Bxb5 Rb7 35. Rc1 Rxb5 36. Qe3 Rb6 37. Rc4 Kf8 38. Qc3 Ke7 39.
Rc7+ Kf8 40. Ra7 Kg7 41. Qc8 Qf6 42. Ra8 Kg6 43. Qg8+ Qg7 44. Qc8 Qf6 45. Qc3
Rb1 46. Qd3 Qf1 47. Qxf1 Rxf1 48. Rxa6+ 1-0

[Event "International chess holiday M31"]
[Site "Praha"]
[Date "2012.08.02"]
[Round "7"]
[White "Spindler, Markus"]
[Black "Koper, Stefan"]
[Result "1-0"]
[ECO "B06"]
[WhiteElo "2092"]
[BlackElo "1960"]
[Annotator ",Martin"]
[PlyCount "129"]
[TimeControl "240+2"]

1. e4 g6 2. d4 Bg7 3. Nf3 d5 4. e5 Bg4 5. h3 Bxf3 6. Qxf3
e6 7. Nc3 a6 8. Bf4 Nd7 9. Qe3 b6 10. Bg5 Qb8 11. Bd3 c5 12. f4 cxd4 13. Qxd4
Bf8 14. Qe3 Bc5 15. Qe2 b5 16. O-O-O h6 17. Bh4 Ne7 18. Bxe7 Bxe7 19. Qg4 g5
20. g3 Nc5 21. Rhf1 Nxd3+ 22. Rxd3 Qc7 23. Ne2 h5 24. Qf3 b4 25. Nd4 Rc8 26.
Rd2 h4 27. g4 Bc5 28. Nb3 Be7 29. Nd4 Bc5 30. Nb3 Bb6 31. Re2 Qe7 32. f5 Rc4
33. Qd3 Qa7 34. fxe6 Rf4 35. exf7+ Qxf7 36. Rd1 Rf1 37. Ree1 Rxe1 38. Rxe1 O-O
39. e6 Qf4+ 40. Kb1 Kg7 41. Qxd5 Rd8 42. Qb7+ Qc7 43. Qxc7+ Bxc7 44. Nc5 a5 45.
e7 Re8 46. Ne6+ Kf7 47. Nxc7 Rxe7 48. Rxe7+ Kxe7 49. Kc1 Kd6 50. Ne8+ Ke5 51.
Ng7 Kf4 52. Ne6+ Kg3 53. Nxg5 Kf4 54. Kd2 Kxg5 55. Ke3 a4 56. c4 bxc3 57. bxc3
Kf6 58. Kf4 Ke6 59. g5 Kd5 60. g6 Kc4 61. g7 Kxc3 62. g8=Q Kb2 63. Ke3 a3 64.
Qb3+ Ka1 65. Qxa3 1-0

[Event "International chess holiday K31"]
[Site "Praha"]
[Date "2012.08.02"]
[Round "7"]
[White "Vítek, Jan"]
[Black "Trebbin, Wolfhard"]
[Result "1/2-1/2"]
[ECO "B30"]
[WhiteElo "1970"]
[BlackElo "2029"]
[Annotator ",Martin"]
[PlyCount "21"]
[TimeControl "240+2"]

1. e4 c5 2. Nf3 e6 3. Bc4 Nc6 4. c3 Nf6 5. d3 Qc7 6. Bb3
Be7 7. Nbd2 d5 8. Qe2 dxe4 9. Nxe4 O-O 10. Bg5 Nd5 11. O-O 1/2-1/2

[Event "International chess holiday K31"]
[Site "Praha"]
[Date "2012.08.02"]
[Round "7"]
[White "Suchý, Ladislav"]
[Black "Brejník, Gustav"]
[Result "0-1"]
[ECO "A00"]
[WhiteElo "1809"]
[BlackElo "1846"]
[Annotator ",Martin"]
[PlyCount "44"]
[TimeControl "240+2"]

1. g4 Nf6 2. g5 Nd5 3. Bg2 Nf4 4. Bf1 e5 5. e3 Ng6 6. h4
Bc5 7. Nc3 d5 8. Bg2 e4 9. d3 Nxh4 10. Rxh4 Qxg5 11. Qh5 Qxg2 12. Nge2 c6 13.
Nxe4 Be7 14. Qe5 dxe4 15. Rxe4 Be6 16. Ng3 Nd7 17. Qc7 Nc5 18. Re5 Rc8 19. Qa5
Qg1+ 20. Nf1 Bh4 21. Qd2 Nd7 22. Rh5 Bh3 0-1

[Event "International chess holiday K31"]
[Site "Praha"]
[Date "2012.08.02"]
[Round "7"]
[White "Vavøinec, Tomáš"]
[Black "Pokorný, Jan"]
[Result "1/2-1/2"]
[ECO "E62"]
[WhiteElo "1995"]
[BlackElo "1814"]
[Annotator ",Martin"]
[PlyCount "53"]
[TimeControl "240+2"]

1. c4 Nf6 2. Nc3 g6 3. g3 Bg7 4. Bg2 c6 5. e4 d6 6. d4 O-O
7. Nf3 Na6 8. O-O Rb8 9. Qe2 Bg4 10. Bf4 Qd7 11. Rfd1 Nc7 12. a4 a6 13. Qf1
Rfd8 14. Rd2 Bxf3 15. Bxf3 Qe8 16. e5 dxe5 17. dxe5 Nh5 18. Rxd8 Rxd8 19. Bxh5
gxh5 20. Rd1 Ne6 21. Ne4 b5 22. Rxd8 Qxd8 23. cxb5 cxb5 24. axb5 axb5 25. Qxb5
Nxf4 26. gxf4 Qd1+ 27. Kg2 1/2-1/2

[Event "International chess holiday K31"]
[Site "Praha"]
[Date "2012.08.02"]
[Round "7"]
[White "Koller, Martin"]
[Black "Pommrich, Rainer"]
[Result "1/2-1/2"]
[ECO "A68"]
[WhiteElo "1900"]
[BlackElo "2040"]
[Annotator ",Martin"]
[PlyCount "65"]
[TimeControl "240+2"]

1. d4 Nf6 2. c4 e6 3. Nc3 c5 4. d5 exd5 5. cxd5 d6 6. e4
g6 7. f4 Bg7 8. Nf3 O-O 9. Be2 Bg4 10. O-O Re8 11. h3 Bxf3 12. Bxf3 Nbd7 13. a4
a6 14. a5 b5 15. axb6 Qxb6 16. Qa4 Rec8 17. Qc4 Qb4 18. Qe2 c4 19. e5 Re8 20.
e6 Nc5 21. f5 gxf5 22. exf7+ Kxf7 23. Bh5+ Nxh5 24. Qxh5+ Kg8 25. Bh6 Rf8 26.
Bxg7 Kxg7 27. Rae1 Ra7 28. Qg5+ Kh8 29. Rxf5 Rg8 30. Qf6+ Rag7 31. Re7 Qxb2 32.
Rxg7 Rxg7 33. Qf8+ 1/2-1/2

[Event "International chess holiday K31"]
[Site "Praha"]
[Date "2012.08.02"]
[Round "7"]
[White "Hapke, Ralf"]
[Black "Bouèek, Vlastimil"]
[Result "1-0"]
[ECO "C00"]
[WhiteElo "1945"]
[BlackElo "2008"]
[Annotator ",Martin"]
[PlyCount "87"]
[TimeControl "240+2"]

1. e4 Nf6 2. d3 e6 3. g3 d5 4. Nd2 c6 5. Bg2 Na6 6. Ngf3
Be7 7. a3 b6 8. Qe2 Bb7 9. Nf1 c5 10. e5 Nd7 11. h4 h6 12. Bf4 Qc7 13. Ne3
O-O-O 14. d4 Nab8 15. c3 Nf8 16. g4 Ng6 17. Bg3 Bf8 18. Nd2 Bc6 19. f4 Kb7 20.
Kf2 Ne7 21. Nf3 Nc8 22. b4 a6 23. Rhb1 Ka7 24. a4 Qd7 25. b5 Bb7 26. a5 Qc7 27.
bxa6 Bxa6 28. axb6+ Nxb6 29. Bf1 c4 30. Qa2 Rc8 31. f5 Qb7 32. Nd2 Rc6 33. Bg2
Qc8 34. f6 gxf6 35. exf6 Bd6 36. Bxd6 Rxd6 37. Nexc4 Nxc4 38. Nxc4 Rc6 39. Ne5
Rb6 40. Rxb6 Kxb6 41. Qa5+ Ka7 42. Bf1 Rf8 43. Rb1 Qd8 44. Nc6+ 1-0

[Event "International chess holiday M31"]
[Site "Praha"]
[Date "2012.08.02"]
[Round "8"]
[White "Hentzgen, Thomas"]
[Black "Gregor, Jiøí"]
[Result "1-0"]
[ECO "A30"]
[WhiteElo "2036"]
[BlackElo "2281"]
[Annotator ",Martin"]
[PlyCount "56"]
[TimeControl "240+2"]

1. c4 c5 2. Nf3 Nf6 3. g3 b6 4. Bg2 Bb7 5. O-O e6 6. Nc3
a6 7. Re1 d6 8. e4 Nbd7 9. d4 cxd4 10. Nxd4 Qc7 11. Be3 Rc8 12. Rc1 Be7 13. f4
O-O 14. f5 Ne5 15. fxe6 Nxc4 16. Nd5 Bxd5 17. exd5 Nxe3 18. Rxc7 Nxd1 19. Rxe7
Nxb2 20. Bh3 fxe6 21. Bxe6+ Kh8 22. Bxc8 Rxc8 23. Nf5 g6 24. Nxd6 Rc2 25. Rf7
Nd3 26. Ree7 Rc1+ 27. Kg2 Rc2+ 28. Kh3 g5 1-0

[Event "International chess holiday M31"]
[Site "Praha"]
[Date "2012.08.02"]
[Round "8"]
[White "Kratochvíl, Jakub"]
[Black "Staufenberger, Bernd"]
[Result "0-1"]
[ECO "B05"]
[WhiteElo "2136"]
[BlackElo "2079"]
[Annotator ",Martin"]
[PlyCount "60"]
[TimeControl "240+2"]

1. e4 Nf6 2. e5 Nd5 3. d4 d6 4. Nf3 Bg4 5. Be2 e6 6. O-O
Be7 7. c4 Nb6 8. b3 Nc6 9. Bb2 O-O 10. Nbd2 a5 11. Re1 d5 12. h3 Bf5 13. a3 f6
14. Nf1 fxe5 15. dxe5 dxc4 16. bxc4 Qxd1 17. Raxd1 Na4 18. Bc1 Rfd8 19. Rxd8+
Rxd8 20. Rd1 Rxd1 21. Bxd1 Nc3 22. Ne3 Bd3 23. Bb2 Nxd1 24. Nxd1 Bxc4 25. Nc3
Kf7 26. a4 Nb4 27. Ne4 h6 28. Nfd2 Bd5 29. Bc3 Bc6 30. Bxb4 Bxb4 0-1

[Event "International chess holiday M31"]
[Site "Praha"]
[Date "2012.08.02"]
[Round "8"]
[White "Hadžala, Daniel"]
[Black "Spindler, Markus"]
[Result "1/2-1/2"]
[ECO "A10"]
[WhiteElo "2126"]
[BlackElo "2092"]
[Annotator ",Martin"]
[PlyCount "89"]
[TimeControl "240+2"]

1. c4 f5 2. Nf3 Nf6 3. g3 e6 4. Bg2 Be7 5. O-O O-O 6. Nc3
d5 7. cxd5 exd5 8. Qc2 c6 9. a3 Ne4 10. d3 Nxc3 11. bxc3 Nd7 12. c4 Nf6 13. Rb1
Kh8 14. a4 dxc4 15. Qxc4 Qd5 16. Qc2 Qc5 17. Qb3 Nd5 18. Bd2 f4 19. d4 Qd6 20.
Ne5 Bf5 21. Rbc1 Rab8 22. Bxd5 Qxd5 23. Qxd5 cxd5 24. Bxf4 Rbc8 25. Rxc8 Rxc8
26. Rc1 Rxc1+ 27. Bxc1 Bc2 28. a5 Bb4 29. Nf7+ Kg8 30. Nd8 Bxa5 31. Nxb7 Bc3
32. Nd6 Bxd4 33. Nb5 Bc5 34. Be3 Bxe3 35. fxe3 a5 36. Kf1 Kf7 37. Ke1 Be4 38.
Kd2 Ke6 39. Nd4+ Kd6 40. Kc3 g6 41. Kb3 Kc5 42. h4 h5 43. Ne6+ Kd6 44. Nd4 Kc5
45. Ne6+ 1/2-1/2

[Event "International chess holiday M31"]
[Site "Praha"]
[Date "2012.08.02"]
[Round "8"]
[White "Michálek, František"]
[Black "Hofírek, Benedikt"]
[Result "0-1"]
[ECO "C68"]
[WhiteElo "2069"]
[BlackElo "2041"]
[Annotator ",Martin"]
[PlyCount "104"]
[TimeControl "240+2"]

1. e4 e5 2. Nf3 Nc6 3. Bb5 a6 4. Bxc6 dxc6 5. Nc3 f6 6. d4
exd4 7. Qxd4 Qxd4 8. Nxd4 Bd7 9. Be3 O-O-O 10. O-O-O Ne7 11. e5 fxe5 12. Nf3
Ng6 13. Ng5 Re8 14. Rd2 h6 15. Nge4 b6 16. Rhd1 Bg4 17. f3 Be6 18. a3 a5 19.
Nf2 Be7 20. Nfe4 Rd8 21. Rxd8+ Rxd8 22. Rxd8+ Kxd8 23. g3 Kd7 24. Kd2 Nh8 25.
Nd1 Nf7 26. Ke2 c5 27. Bd2 Nd8 28. Be3 Nc6 29. c3 a4 30. Ndf2 Na5 31. Nd2 Kc6
32. Nd3 Bd6 33. f4 Bg4+ 34. Ke1 exf4 35. Bxf4 Bxf4 36. Nxf4 g5 37. Nd3 Kd5 38.
Nf2 Bf5 39. Nd1 Ke5 40. Kf2 Be6 41. Ne3 Nb3 42. Nef1 Nc1 43. Ke3 Bd5 44. h4 c4
45. hxg5 hxg5 46. Nh2 Nd3 47. Nhf3+ Bxf3 48. Nxf3+ Kf5 49. Nh2 g4 50. Nf1 c5
51. Nd2 Nxb2 52. Ne4 Nd1+ 0-1

[Event "International chess holiday M31"]
[Site "Praha"]
[Date "2012.08.02"]
[Round "8"]
[White "Koper, Štefan"]
[Black "Nguyen, Thai Dai Van"]
[Result "0-1"]
[ECO "D80"]
[WhiteElo "1960"]
[BlackElo "2007"]
[Annotator ",Martin"]
[PlyCount "92"]
[TimeControl "240+2"]

1. d4 Nf6 2. c4 g6 3. Nc3 d5 4. Bg5 Ne4 5. cxd5 Nxg5 6. h4
Ne4 7. Nxe4 Qxd5 8. f3 Bg7 9. e3 O-O 10. Ne2 e5 11. N2c3 Qa5 12. d5 f5 13. Nd2
e4 14. Qb3 exf3 15. gxf3 Re8 16. O-O-O Bxc3 17. bxc3 Rxe3 18. Kb2 Qb6 19. h5
Qxb3+ 20. axb3 Nd7 21. hxg6 hxg6 22. Bc4 Kg7 23. Rh4 Nf6 24. Nf1 Rxf3 25. d6
cxd6 26. Rxd6 Bd7 27. Rhd4 Bc6 28. Nd2 Rf2 29. Ka3 g5 30. b4 a6 31. Nb3 g4 32.
Nc5 Ne4 33. Ne6+ Kf6 34. Nc7+ Nxd6 35. Rxd6+ Ke5 36. Re6+ Kf4 37. Nxa8 g3 38.
Nc7 g2 39. Rg6 Rf1 40. Rxg2 Bxg2 41. Bxf1 Bxf1 42. Kb3 Kg3 43. Ne6 f4 44. c4 f3
neèitelné 0-1

[Event "International chess holiday K31"]
[Site "Praha"]
[Date "2012.08.02"]
[Round "8"]
[White "Bouèek, Vlastimil"]
[Black "Koller, Martin"]
[Result "0-1"]
[ECO "C20"]
[WhiteElo "2008"]
[BlackElo "1900"]
[Annotator ",Martin"]
[PlyCount "59"]
[TimeControl "240+2"]

1. e4 e5 2. d3 Nc6 3. c3 Bc5 4. g3 Nge7 5. Qe2 a5 6. Be3
Bxe3 7. Qxe3 O-O 8. f3 d5 9. Nh3 Bxh3 10. Bxh3 f5 11. O-O Qd6 12. Na3 f4 13.
Qe2 b5 14. Nxb5 Qc5+ 15. d4 exd4 16. cxd4 Nxd4 17. Nxd4 Qxd4+ 18. Kh1 dxe4 19.
fxe4 fxg3 20. hxg3 Qe5 21. Kh2 Rad8 22. Rac1 Rxf1 23. Bxf1 Rd4 24. Bg2 h5 25.
Rc3 Rd6 26. Qc4+ Kh7 27. Qxc7 h4 28. Qb7 hxg3+ 29. Rxg3 Rd3 30. Qc7 0-1

[Event "International chess holiday K31"]
[Site "Praha"]
[Date "2012.08.02"]
[Round "8"]
[White "Trebbin, Wolfhard"]
[Black "Hapke, Ralf"]
[Result "1/2-1/2"]
[ECO "A45"]
[WhiteElo "2029"]
[BlackElo "1945"]
[Annotator ",Martin"]
[PlyCount "37"]
[TimeControl "240+2"]

1. d4 Nf6 2. g3 c5 3. d5 g6 4. Bg2 Bg7 5. Nd2 d6 6. e4 O-O
7. Ne2 Bg4 8. h3 Bd7 9. O-O Qc8 10. Kh2 Ne8 11. Nc4 f5 12. exf5 Bxf5 13. Ne3
Bd7 14. c3 b5 15. Nf4 a5 16. Ne6 Bxe6 17. dxe6 Ra7 18. Ng4 Nc6 19. Nh6+ 1/2-1/2

[Event "International chess holiday K31"]
[Site "Praha"]
[Date "2012.08.02"]
[Round "8"]
[White "Pokorný, Jan"]
[Black "Brejník, Gustav"]
[Result "1-0"]
[ECO "D02"]
[WhiteElo "1814"]
[BlackElo "1846"]
[Annotator ",Martin"]
[PlyCount "71"]
[TimeControl "240+2"]

1. Nf3 c6 2. g3 d5 3. d4 Bf5 4. Bg2 Qc8 5. Bf4 Nd7 6. Nh4
Be4 7. f3 Bg6 8. Nd2 c5 9. c3 cxd4 10. Nxg6 hxg6 11. cxd4 Qc6 12. Be3 e5 13.
O-O Ngf6 14. Rc1 Qb6 15. Qb3 exd4 16. Qxb6 axb6 17. Bxd4 Bc5 18. Nb3 Bxd4+ 19.
Nxd4 Rxa2 20. Rc8+ Ke7 21. Rxh8 Nf8 22. Rc1 Rxb2 23. Rc7+ Ke8 24. Rxb7 N6d7 25.
Rxd7 Kxd7 26. Rxf8 Rd2 27. e3 Ke7 28. Rb8 Rd1+ 29. Bf1 Rb1 30. Kf2 Rb2+ 31. Be2
f5 32. f4 Rb1 33. h4 Rb2 34. Kf3 Kf6 35. Nb5 Rb1 36. Rxb6+ 1-0

[Event "International chess holiday K31"]
[Site "Praha"]
[Date "2012.08.02"]
[Round "8"]
[White "Vavøinec, Tomáš"]
[Black "Vítek, Jan"]
[Result "1-0"]
[ECO "A34"]
[WhiteElo "1995"]
[BlackElo "1970"]
[Annotator ",Martin"]
[PlyCount "73"]
[TimeControl "240+2"]

1. c4 Nf6 2. Nc3 d5 3. cxd5 Nxd5 4. g3 e6 5. Bg2 c5 6. Nf3
Nc6 7. O-O Be7 8. Nxd5 exd5 9. d4 Be6 10. dxc5 Bxc5 11. Bg5 Be7 12. Bxe7 Qxe7
13. Qa4 O-O 14. Rfd1 Rfd8 15. Nd4 Qb4 16. Qxb4 Nxb4 17. a3 Nc6 18. Nxc6 bxc6
19. Rac1 Rac8 20. Rc5 Rd7 21. Rdc1 Rdc7 22. b4 a6 23. e3 Kf8 24. Bf1 Ra8 25.
Rxc6 Rxc6 26. Rxc6 a5 27. b5 a4 28. Ra6 Rxa6 29. bxa6 Bc8 30. Bb5 Ke7 31. a7
Bb7 32. Bxa4 Kd6 33. Kf1 Kc5 34. Ke2 d4 35. Bc2 dxe3 36. Kxe3 Kb6 37. Be4 1-0

[Event "International chess holiday K31"]
[Site "Praha"]
[Date "2012.08.02"]
[Round "8"]
[White "Pommrich, Rainer"]
[Black "Suchý, Ladislav"]
[Result "1/2-1/2"]
[ECO "B32"]
[WhiteElo "2040"]
[BlackElo "1809"]
[Annotator ",Martin"]
[PlyCount "91"]
[TimeControl "240+2"]

1. e4 c5 2. Nf3 Nc6 3. d4 cxd4 4. Nxd4 e5 5. Nb5 a6 6.
Nd6+ Bxd6 7. Qxd6 Qf6 8. Qxf6 Nxf6 9. Nc3 d5 10. Bg5 d4 11. Bxf6 dxc3 12. Bxg7
Rg8 13. Bh6 f5 14. exf5 Bxf5 15. bxc3 Bxc2 16. Rc1 Bf5 17. Rd1 Rd8 18. Rxd8+
Kxd8 19. f3 e4 20. Kf2 exf3 21. gxf3 Ne5 22. Bf4 Ng6 23. Bg5+ Kc7 24. Bc4 Rf8
25. Re1 Bg4 26. Re3 Rxf3+ 27. Rxf3 Bxf3 28. Bg8 Bh5 29. Bxh7 Kc6 30. Ke3 b5 31.
Ke4 Nf8 32. Bf5 Bf7 33. a3 Ne6 34. Be3 Nc5+ 35. Bxc5 Kxc5 36. Kd3 a5 37. Kd2 b4
38. cxb4+ axb4 39. a4 Be8 40. Bc2 Kc4 41. h4 b3 42. Bxb3+ Kxb3 43. a5 Kc4 44.
a6 Kd4 45. a7 Bc6 46. h5 1/2-1/2

[Event "International chess holiday M31"]
[Site "Praha"]
[Date "2012.08.03"]
[Round "9"]
[White "Staufenberger, Bernd"]
[Black "Koper, Štefan"]
[Result "1/2-1/2"]
[ECO "A43"]
[WhiteElo "2079"]
[BlackElo "1960"]
[Annotator ",Martin"]
[PlyCount "35"]
[TimeControl "240+2"]

1. d4 g6 2. e4 Bg7 3. Nc3 d6 4. f4 c5 5. d5 a6 6. a4 Nf6
7. Nf3 O-O 8. Be2 Bg4 9. O-O Ne8 10. Ng5 Bxe2 11. Qxe2 Nd7 12. Ra3 Nc7 13. f5
Ne5 14. Nd1 h6 15. Nh3 g5 16. Rg3 f6 17. Nhf2 b5 18. Nc3 1/2-1/2

[Event "International chess holiday M31"]
[Site "Praha"]
[Date "2012.08.03"]
[Round "9"]
[White "Spindler, Markus"]
[Black "Michálek, František"]
[Result "0-1"]
[ECO "C50"]
[WhiteElo "2092"]
[BlackElo "2069"]
[Annotator ",Martin"]
[PlyCount "64"]
[TimeControl "240+2"]

1. e4 e5 2. Nf3 Nc6 3. Bc4 Be7 4. d4 d6 5. dxe5 dxe5 6.
Qxd8+ Bxd8 7. Be3 Bf6 8. Nc3 Be6 9. Bxe6 fxe6 10. O-O-O a6 11. g4 Rd8 12. Rxd8+
Bxd8 13. h4 Nf6 14. Rg1 Be7 15. g5 Nh5 16. Rd1 Rf8 17. Ne1 Nf4 18. Nd3 Ng2 19.
Bc5 b6 20. Bxe7 Kxe7 21. h5 Nf4 22. Nxf4 Rxf4 23. h6 g6 24. Rg1 Rxf2 25. Nd1
Rf4 26. Ne3 Nd4 27. Kd1 Rxe4 28. Ng4 Nf3 29. Nf6 Rd4+ 30. Ke2 Nxg1+ 31. Kf1
Rf4+ 32. Kxg1 Rxf6 0-1

[Event "International chess holiday M31"]
[Site "Praha"]
[Date "2012.08.03"]
[Round "9"]
[White "Hofírek, Benedikt"]
[Black "Hentzgen, Thomas"]
[Result "1-0"]
[ECO "A87"]
[WhiteElo "2041"]
[BlackElo "2036"]
[Annotator ",Martin"]
[PlyCount "99"]
[TimeControl "240+2"]

1. d4 f5 2. g3 g6 3. Bg2 Bg7 4. c4 d6 5. Nf3 Nf6 6. O-O
O-O 7. Nc3 Qe8 8. d5 Na6 9. Be3 c5 10. Qd2 Bd7 11. a3 Nc7 12. Bh6 Rb8 13. Bxg7
Kxg7 14. b4 b6 15. Ng5 h6 16. Nh3 Qf7 17. Nf4 a6 18. e4 Ng4 19. Nd3 Qf6 20. h3
Ne5 21. Nxe5 Qxe5 22. f4 Qf6 23. Rfe1 fxe4 24. Nxe4 Qf7 25. bxc5 bxc5 26. Qa5
Rfc8 27. Rab1 Ne8 28. Qxa6 Nf6 29. Rxb8 Rxb8 30. Nd2 Rb2 31. Qa5 Ra2 32. Qc3
Ba4 33. Be4 e5 34. Bb1 Rxd2 35. Qxd2 Nh5 36. fxe5 Nxg3 37. Qf2 Nf5 38. e6 Qf6
39. Bxf5 gxf5 40. e7 Kf7 41. Kh2 Ke8 42. Qg2 Qg5 43. Qxg5 hxg5 44. h4 gxh4 45.
Kh3 Bb3 46. Kxh4 Bxc4 47. Kg5 Bxd5 48. Kf6 Be4 49. Rg1 Bd5 50. Rb1 1-0

[Event "International chess holiday K31"]
[Site "Praha"]
[Date "2012.08.03"]
[Round "9"]
[White "Brejník, Gustav"]
[Black "Pommrich, Riner"]
[Result "1/2-1/2"]
[ECO "B07"]
[WhiteElo "1846"]
[BlackElo "2040"]
[Annotator ",Martin"]
[PlyCount "23"]
[TimeControl "240+2"]

1. d4 Nf6 2. Nc3 g6 3. e4 d6 4. Be3 Bg7 5. Qd2 Ng4 6. Bg5
h6 7. Bh4 c6 8. h3 Nf6 9. Bc4 O-O 10. Nf3 b5 11. Bd3 b4 12. Ne2 1/2-1/2

[Event "International chess holiday K31"]
[Site "Praha"]
[Date "2012.08.03"]
[Round "9"]
[White "Koller, Martin"]
[Black "Trebbin, Wolfhard"]
[Result "1/2-1/2"]
[ECO "D45"]
[WhiteElo "1900"]
[BlackElo "2029"]
[Annotator ",Martin"]
[PlyCount "85"]
[TimeControl "240+2"]

1. d4 d5 2. c4 c6 3. Nf3 Nf6 4. Nc3 e6 5. e3 Nbd7 6. Qc2
Be7 7. g4 h6 8. Bd2 a6 9. Rg1 dxc4 10. Bxc4 Nd5 11. Bxd5 cxd5 12. O-O-O Nb6 13.
Ne5 Bd7 14. Kb1 Rc8 15. Qd3 Na4 16. Nxd7 Nxc3+ 17. Bxc3 Qxd7 18. f4 O-O 19. g5
hxg5 20. fxg5 g6 21. h4 Kg7 22. h5 gxh5 23. Rh1 Rh8 24. Qe2 h4 25. Qg4 Qb5 26.
Rxh4 Ba3 27. Rxh8 Rxh8 28. g6 fxg6 29. Qxe6 Re8 30. Qh3 Rh8 31. Qg3 Rf8 32.
Qe5+ Rf6 33. e4 Bd6 34. Qg5 Rf1 35. Qd2 Bf4 36. Qc2 g5 37. exd5 Rxd1+ 38. Qxd1
Qxd5 39. Qe2 Kg6 40. Qe8+ Kg7 41. Qe2 Qf5+ 42. Ka1 Qd5 43. Kb1 1/2-1/2

[Event "International chess holiday K31"]
[Site "Praha"]
[Date "2012.08.03"]
[Round "9"]
[White "Hapke, Ralf"]
[Black "Vavøinec, Tomáš"]
[Result "1-0"]
[ECO "A20"]
[WhiteElo "1945"]
[BlackElo "1995"]
[Annotator ",Martin"]
[PlyCount "69"]
[TimeControl "240+2"]

1. c4 e5 2. g3 Nf6 3. Bg2 Bc5 4. h3 Nc6 5. d3 h6 6. e4 d6
7. Nc3 O-O 8. Nge2 Be6 9. O-O Qd7 10. Kh2 Ne8 11. a3 a6 12. b4 Ba7 13. Be3 Nd4
14. Nd5 f5 15. exf5 Bxf5 16. a4 c6 17. Ndc3 Nc7 18. a5 Nce6 19. Rb1 Bg6 20. Ng1
Qe8 21. b5 axb5 22. cxb5 d5 23. a6 bxa6 24. bxc6 Qxc6 25. Nxd5 Qd6 26. Rb7 Kh8
27. Ne7 Bh7 28. f4 exf4 29. Bxf4 Nxf4 30. gxf4 Rxf4 31. Kh1 Bb8 32. Qh5 g6 33.
Nxg6+ Qxg6 34. Rxb8+ Rxb8 35. Qe5+ 1-0

[Event "International chess holiday K31"]
[Site "Praha"]
[Date "2012.08.03"]
[Round "9"]
[White "Suchý, Ladislav"]
[Black "Bouèek, Vlastimil"]
[Result "1-0"]
[ECO "B15"]
[WhiteElo "1809"]
[BlackElo "2008"]
[Annotator ",Martin"]
[PlyCount "69"]
[TimeControl "240+2"]

1. Nc3 d5 2. e4 e6 3. Nf3 c6 4. d4 f6 5. Bd3 g6 6. O-O Nh6
7. exd5 cxd5 8. Bxh6 Bxh6 9. Re1 O-O 10. Ne2 a6 11. Nh4 Nc6 12. f4 Bg7 13. Nf3
b5 14. h4 Qb6 15. h5 Ne7 16. Kh1 Bd7 17. hxg6 hxg6 18. c3 a5 19. Qc2 Kf7 20.
Nh4 Rh8 21. Bxg6+ Nxg6 22. Qxg6+ Kf8 23. g3 Be8 24. Qd3 Bh5 25. Kg2 Bxe2 26.
Qxe2 Kf7 27. Rh1 b4 28. f5 bxc3 29. bxc3 a4 30. Rab1 Qc6 31. Rb7+ Kg8 32. Rhb1
e5 33. Ng6 Bf8 34. Nxh8 Kxh8 35. Qh5+ 1-0